 Dungeon Crawl Stone Soup version 0.24-a0-415-g6d73c25c48 (webtiles) character file.

Game seed: 13459909830993543227

89362 Peloso the Peltast (level 15, -2/139 HPs)
             Began as a Minotaur Fighter on June 7, 2019.
             Was the Champion of Okawaru.
             Slain by a redback (5 damage)
             ... on level 6 of the Lair of Beasts.
             The game lasted 01:02:46 (24292 turns).

Peloso the Peltast (Minotaur Fighter)              Turns: 24292, Time: 01:02:48

Health: -2/139     AC: 26    Str: 26    XL:     15   Next: 49%
Magic:  0/15       EV:  8    Int:  5    God:    Okawaru [******]
Gold:   531        SH: 15    Dex: 11    Spells: 14/14 levels left

rFire    + + .     SeeInvis .   Q - +2 double sword (vamp)
rCold    + . .     Gourm    .   c - +0 shield {reflect}
rNeg     . . .     Faith    .   r - +1 gold dragon scales
rPois    +         Spirit   +   p - +2 hat
rElec    .         Reflect  +   a - scarf {Spirit}
rCorr    .         Harm     .   m - +2 pair of gloves
MR       +....                  (no boots)
Stlth    ..........             s - amulet of guardian spirit
HPRegen  0.33/turn              (no ring)
MPRegen  0.14/turn              K - ring of protection from fire

@: lethally poisoned (-2 -> -9), about to teleport, slowed, very slow
A: retaliatory headbutt, horns 2
a: Heroism, Finesse, Renounce Religion


You were on level 6 of the Lair of Beasts.
You worshipped Okawaru.
Okawaru was exalted by your worship.
You were hungry.

You visited 3 branches of the dungeon, and saw 21 of its levels.
You also visited: Ice Cave.

You collected 1894 gold pieces.
You spent 1363 gold pieces at shops.

Inventory:

Hand Weapons
 b - a +0 falchion of flaming
 Q - a +2 vampiric double sword (weapon)
Armour
 a - a scarf of spirit shield (worn)
 c - a +0 shield of reflection (worn)
 m - a +2 pair of gloves (worn)
 p - a +2 hat (worn)
 r - +1 gold dragon scales (worn)
 y - a +0 plate armour
Jewellery
 q - an uncursed ring of poison resistance
 s - an amulet of guardian spirit (around neck)
 B - an uncursed ring of ice
 G - an uncursed ring of protection from cold
 I - an uncursed ring of flight
 K - a ring of protection from fire (right hand)
Wands
 h - a wand of enslavement (12)
Scrolls
 e - 9 scrolls of immolation {unknown}
 g - 11 scrolls of teleportation
 i - 4 scrolls of blinking {unknown}
 j - 3 scrolls of magic mapping
 n - 10 scrolls of remove curse
 t - 2 scrolls of identify
 w - 2 scrolls of silence
 A - 3 scrolls of fear {unknown}
 C - 2 scrolls of fog
 D - 5 scrolls of enchant armour {unknown}
 L - 2 scrolls of noise
 P - 3 scrolls of enchant weapon {unknown}
Potions
 d - 3 potions of might
 k - 9 potions of curing
 l - 2 potions of agility
 o - 6 potions of heal wounds
 u - 4 potions of flight
 x - 2 potions of haste
 z - 2 potions of berserk rage
 E - a potion of brilliance
 N - 2 potions of mutation
Comestibles
 f - 43 rations
 v - 6 chunks of flesh


   Skills:
 + Level 14.3 Fighting
 + Level 17.0 Long Blades
 + Level 15.0 Armour
 + Level 4.8 Dodging
 + Level 1.8 Stealth
 + Level 17.4 Shields
 + Level 1.8 Invocations


You had 14 spell levels left.
You didn't know any spells.
Your spell library contained the following spells:

 Spells                   Type           Power        Failure   Level  Hunger
 Corona                   Hex            #......      100%        1    ##.....
 Shock                    Conj/Air       #...         100%        1    ##.....
 Ensorcelled Hibernation  Hex/Ice        #.....       100%        2    ###....
 Slow                     Hex            #.......     100%        2    ###....
 Swiftness                Chrm/Air       #.......     100%        2    ###....
 Confuse                  Hex            #.......     100%        3    ####...
 Dazzling Spray           Conj/Hex       #.....       100%        3    ####...
 Inner Flame              Hex/Fire       #.......     100%        3    ####...
 Portal Projectile        Hex/Tloc       #.....       100%        3    ####...
 Static Discharge         Conj/Air       #.......     100%        3    ####...
 Tukima's Dance           Hex            #.......     100%        3    ####...
 Airstrike                Air            #.........   100%        4    #####..
 Cause Fear               Hex            #.........   100%        4    #####..
 Leda's Liquefaction      Hex/Erth       #.........   100%        4    #####..
 Irradiate                Conj/Tmut      #.........   100%        5    ######.
 Lightning Bolt           Conj/Air       #.........   100%        5    ######.
 Silence                  Hex/Air        #.........   100%        5    ######.
 Yara's Violent Unravell  Hex/Tmut       #.........   100%        5    ######.
 Deflect Missiles         Chrm/Air       #.........   100%        6    #######
 Hydra Form               Tmut           #.........   100%        6    #######
 Statue Form              Tmut/Erth      #........    100%        6    #######
 Dragon Form              Tmut           #.........   100%        7    #######
 Discord                  Hex            #.........   100%        8    #######


Dungeon Overview and Level Annotations

Branches:
Dungeon (14/15)            Temple (1/1) D:4            Lair (6/6) D:10
 Shoals (0/4) Lair:3        Snake (0/4) Lair:2        Slime (0/5) Lair:5
    Orc (0/2) D:11         Vaults (0/5) D:13

Altars:
Ashenzari
Cheibriados
Dithmenos
Elyvilon
Fedhas
Gozag
Hepliaklqana
Kikubaaqudgha
Makhleb
Nemelex Xobeh
Okawaru
Qazlal
Ru
Sif Muna
Trog
Uskayaw
Vehumet
Wu Jian
Xom
Yredelemnul
Zin
The Shining One

Shops:
D:4 [   D:5 *   D:6 =   D:13 *

Annotations:
Lair:5 exclusion: 4 oklob plants


Innate Abilities, Weirdness & Mutations

You reflexively headbutt those who attack you in melee.
You have a pair of horns on your head.


Message History

As you read the scroll of teleportation, it crumbles to dust.
You feel strangely unstable.
The redback bites you but does no damage.
The wolf spider hits you!
* * * LOW HITPOINT WARNING * * *
You block the wolf spider's attack. The black mamba bites you.
* * * LOW HITPOINT WARNING * * *
The redback bites you but does no damage.
The wolf spider hits you!
* * * LOW HITPOINT WARNING * * *
The wolf spider misses you. You block the spiny frog's attack.
You block the redback's attack. The black mamba bites you!
* * * LOW HITPOINT WARNING * * *
You are lethally poisoned!
The black mamba poisons you!
Something bites the fungus.
Something claws the fungus.
The redback completely misses you.
You riposte.
You miss the redback. You headbutt the redback.
The redback is moderately wounded.
The redback bites you.
You die...

...........................
........<................†.
......................†....
...........................
...........................
....$......P...............
....P.P.###..........#####.
.....P†tDs##........## ##
..P..##.Ds@s...##P.P## #
... #..SsF...#...PP#### # #
##.lt...##....###.###
#......#....###...#.
##....##...##.......
#....#...##.......(
##..##..##.........
#..#..##...†......
####.##....÷###...


You could see a wolf spider, a komodo dragon, a black mamba, a spiny frog, a
steam dragon, 2 crocodiles, an acid dragon and 3 redbacks.

Vanquished Creatures
  Rupert (D:13)
  A sphinx (D:14)
  Agnes (D:14)
  A storm dragon (D:13)
  Nessos (D:13)
  A dire elephant (Lair:2)
  An ettin (D:13)
  The ghost of Qaib the Nimble, a journeyman OpWz of Sif Muna (Lair:3)
  3 hydras
  3 ice dragons
  5 centaur warriors
  A two-headed ogre (D:11)
  A tengu warrior (D:13)
  Urug (D:14)
  Sonja (D:11)
  4 unseen horrors
  3 deep elf magi
  A wolf spider zombie (D:14)
  2 cyclopes
  5 ugly things
  A wolf spider (Lair:6)
  2 manticores
  A merfolk siren (Lair:3)
  5 centaur zombies
  A guardian serpent (Lair:6)
  2 ice statues (IceCv)
  Psyche (D:9)
  7 black mambas
  24 elephants
  9 spiny frogs
  4 gargoyles
  A kobold demonologist (D:14)
  6 rime drakes
  6 komodo dragons
  The ghost of Lexodia the Shield-Bearer, an amateur TrFi (D:4)
  4 trolls
  2 polar bears
  4 hornets
  Prince Ribbit (D:5)
  6 hippogriffs
  11 blink frogs
  8 slime creatures
  2 dream sheep (D:9)
  13 wyverns
  A redback (Lair:6)
  A spriggan (Lair:2)
  2 wraiths
  2 shadows
  A yak (shapeshifter) (D:14)
  3 basilisks
  76 yaks
  A steam dragon (Lair:6)
  2 chaos spawn (D:10)
  16 humans
  4 vampire mosquitoes (D:14)
  Edmund (D:4)
  3 hungry ghosts
  3 acid dragons
  17 water moccasins
  A soldier ant (D:14)
  3 orc warriors
  8 porcupines
  2 black bears
  An eye of draining (D:14)
  17 ice beasts
  5 sky beasts
  A meliai simulacrum (D:14)
  A hornet zombie (D:9)
  3 phantoms
  7 ogres
  10 wolves
  19 centaurs
  24 crocodiles
  6 big kobolds
  14 bullfrogs
  4 scorpions
  16 wights
  11 killer bees
  2 howler monkeys
  9 crimson imps
  A quasit (D:5)
  4 bullfrog zombies
  4 orc priests
  A jelly (D:10)
  4 centaur skeletons
  8 hounds
  3 iguanas
  2 bullfrog skeletons
  9 orc wizards
  9 worker ants
  A hell rat (Lair:5)
  3 hound zombies
  2 worker ant zombies (D:10)
  3 gnolls (D:3)
  2 howler monkey skeletons
  9 adders
  9 river rats (Lair:5)
  An ooze (D:1)
  An adder zombie (D:7)
  An adder skeleton (D:5)
  A worm (D:5)
  4 dart slugs
  6 leopard geckos
  52 orcs
  A ball python (D:2)
  7 bats
  4 giant cockroaches
  11 hobgoblins
  4 jackals (D:5)
  18 kobolds
  6 quokkas
  3 frilled lizards
  10 goblins
  A jackal skeleton (D:4)
  A leopard gecko skeleton (D:5)
  14 rats
  5 fungi
  A plant (Lair:3)
683 creatures vanquished.

Vanquished Creatures (others)
  A centaur (D:14)
  A bullfrog (Lair:3)
  An orc (D:5)
  2 giant cockroaches (D:5)
  17 fungi
  20 plants
42 creatures vanquished.

Grand Total: 725 creatures vanquished

Notes
Turn   | Place    | Note
-------+----------+-------------------------------------------
     0 | D:1      | Peloso the Minotaur Fighter began the quest for the Orb.
     0 | D:1      | Reached XP level 1. HP: 19/19 MP: 0/0
    81 | D:1      | Reached XP level 2. HP: 18/27 MP: 1/1
   607 | D:1      | Reached XP level 3. HP: 33/33 MP: 2/2
  1071 | D:2      | Reached XP level 4. HP: 33/40 MP: 3/3
  1603 | D:3      | Reached skill level 1 in Dodging
  1631 | D:3      | Reached XP level 5. HP: 46/46 MP: 4/4
  2235 | D:3      | Reached skill level 5 in Shields
  2575 | D:4      | Reached XP level 6. HP: 53/53 MP: 5/5
  2685 | D:4      | Reached skill level 5 in Armour
  2767 | D:4      | Found a staircase to the Ecumenical Temple.
  2780 | Temple   | Entered the Ecumenical Temple
  2803 | Temple   | Became a worshipper of Warmaster Okawaru
  2834 | D:4      | Found Nastutec's Armour Shoppe.
  2877 | D:4      | Reached skill level 5 in Long Blades
  2940 | D:4      | Found a runed translucent door.
  2941 | D:4      | Noticed Lexodia's ghost (amateur TrFi)
  3070 | D:4      | Reached XP level 7. HP: 31/60 MP: 3/6
  3390 | D:5      | Entered Level 5 of the Dungeon
  3390 | D:5      | Found a radiant altar of Vehumet.
  3390 | D:5      | Found a hazy altar of Hepliaklqana.
  3423 | D:5      | Found a white marble altar of Elyvilon.
  3442 | D:5      | Found a hide-covered altar of Uskayaw.
  3451 | D:5      | Found a glowing golden altar of the Shining One.
  3451 | D:5      | Found a deep blue altar of Sif Muna.
  3451 | D:5      | Found an ancient bone altar of Kikubaaqudgha.
  3502 | D:5      | Noticed Edmund
  3905 | D:4      | Killed Edmund
  3905 | D:4      | Reached * piety under Okawaru
  3905 | D:4      | Reached skill level 5 in Fighting
  4252 | D:5      | Found Mimaups's Elemental Accessories.
  4283 | D:5      | Reached XP level 8. HP: 52/68 MP: 3/7
  4449 | D:5      | Noticed Prince Ribbit
  4464 | D:5      | Killed Prince Ribbit
  4464 | D:5      | Reached ** piety under Okawaru
  4464 | D:5      | Reached skill level 1 in Stealth
  4517 | D:5      | Found a shimmering altar of Xom.
  5603 | D:6      | Found Letamas's Jewellery Shop.
  6059 | D:6      | Reached XP level 9. HP: 76/77 MP: 8/8
  6675 | D:7      | Reached *** piety under Okawaru
  6918 | D:7      | Received a gift from Okawaru
  7073 | D:7      | Reached skill level 10 in Long Blades
  7135 | D:7      | Found a sacrificial altar of Ru.
  7136 | D:7      | Found a sparkling altar of Nemelex Xobeh.
  7618 | D:8      | Found a bloodstained altar of Trog.
  8546 | D:9      | Noticed Psyche
  8552 | D:9      | Killed Psyche
  8552 | D:9      | Reached XP level 10. HP: 65/86 MP: 5/9
  8586 | D:9      | Reached **** piety under Okawaru
  8586 | D:9      | Received a gift from Okawaru
  8807 | D:9      | Noticed a brown ugly thing
  8828 | D:9      | Killed a brown ugly thing
  9270 | D:9      | Reached skill level 10 in Shields
  9423 | D:9      | Noticed a three-headed hydra
  9430 | D:9      | Killed a one-headed hydra
  9610 | D:10     | Entered Level 10 of the Dungeon
  9639 | D:10     | Reached ***** piety under Okawaru
  9704 | D:10     | Noticed a gargoyle
  9720 | D:10     | Killed a gargoyle
  9992 | D:10     | Found a shimmering altar of Xom.
  9993 | D:10     | Found the +7 mace of Variability {chain chaos}
 10004 | D:10     | Reached XP level 11. HP: 95/95 MP: 7/10
 10446 | D:10     | Killed an unseen horror
 10895 | D:10     | Found a staircase to the Lair.
 11142 | D:11     | Found a staircase to the Orcish Mines.
 11223 | D:11     | Noticed Sonja
 11234 | D:11     | Killed Sonja
 11234 | D:11     | Reached skill level 10 in Armour
 11505 | D:11     | Noticed a two-headed ogre
 11519 | D:11     | Killed a two-headed ogre
 11519 | D:11     | Received a gift from Okawaru
 11938 | Lair:1   | Entered Level 1 of the Lair of Beasts
 12262 | Lair:1   | Reached ****** piety under Okawaru
 12309 | Lair:1   | Reached XP level 12. HP: 64/106 MP: 8/11
 12359 | Lair:1   | Received a gift from Okawaru
 12388 | Lair:1   | Reached skill level 10 in Fighting
 13403 | Lair:2   | Found a staircase to the Snake Pit.
 13913 | Lair:2   | Noticed a dire elephant
 13948 | Lair:2   | Killed a dire elephant
 14463 | Lair:3   | Noticed Qaib's ghost (journeyman OpWz)
 14560 | Lair:3   | Noticed a four-headed hydra
 14566 | Lair:3   | Killed a one-headed hydra
 14575 | Lair:3   | Reached XP level 13. HP: 81/116 MP: 9/12
 14602 | Lair:3   | Received a gift from Okawaru
 14697 | Lair:3   | Found a staircase to the Shoals.
 14860 | Lair:3   | Found a runed translucent gate.
 14860 | Lair:3   | Found a runed translucent gate.
 14860 | Lair:3   | Found a runed translucent gate.
 15496 | D:12     | Reached skill level 15 in Long Blades
 15957 | D:12     | Received a gift from Okawaru
 16026 | D:13     | Found a gate to the Vaults.
 16026 | D:13     | Noticed Urug
 16026 | D:13     | Noticed Rupert
 16026 | D:13     | Noticed Nessos
 16045 | D:13     | Noticed an ettin
 16046 | D:13     | Noticed a storm dragon
 16083 | D:13     | Killed a storm dragon
 16392 | D:13     | Found a frozen archway.
 16503 | IceCv    | Entered an ice cave
 17090 | IceCv    | Received a gift from Okawaru
 17093 | IceCv    | Reached skill level 1 in Invocations
 17107 | IceCv    | Got an ichor-stained hat {god gift}
 17134 | IceCv    | Identified the +0 hat of the Land of Plenty {rCorr}
                  | (Okawaru gifted it to you in an ice cave)
 17501 | IceCv    | Reached skill level 15 in Shields
 17988 | D:13     | Killed an ettin
 18733 | D:14     | Killed Urug
 18879 | D:13     | Noticed a sphinx
 18898 | D:13     | Paralysed by a sphinx for 6 turns
 18913 | D:14     | Killed a sphinx
 18913 | D:14     | Reached XP level 14. HP: 50/127 MP: 1/14
 19332 | D:13     | Killed Nessos
 19377 | D:13     | Paralysed by Rupert for 6 turns
 19394 | D:13     | Killed Rupert
 19452 | D:13     | Received a gift from Okawaru
 19623 | D:13     | Found Siacae's Assorted Antiques.
 19636 | D:13     | Bought a scroll labeled LID TOASYCAXT for 29 gold pieces
 19636 | D:13     | Bought a scroll of identify for 58 gold pieces
 19636 | D:13     | Bought a scroll of identify for 58 gold pieces
 20198 | D:14     | Noticed Agnes
 20222 | D:14     | Killed Agnes
 20222 | D:14     | Received a gift from Okawaru
 20260 | D:14     | Got a bloodstained falchion {god gift}
 20261 | D:14     | Identified the +0 falchion of Ekaogu {elec, Str+3} (Okawaru
                  | gifted it to you on level 14 of the Dungeon)
 21137 | Lair:3   | Killed Qaib's ghost
 22079 | Lair:4   | Received a gift from Okawaru
 22082 | Lair:4   | Got a shimmering broad axe {god gift}
 22270 | D:4      | Killed Lexodia's ghost
 22313 | D:4      | Bought +1 gold dragon scales for 1218 gold pieces
 22459 | Lair:1   | Identified the +1 broad axe of Okawaru's Approval {drain,
                  | rPois} (Okawaru gifted it to you on level 4 of the Lair of
                  | Beasts)
 22562 | Lair:5   | Reached XP level 15. HP: 137/137 MP: 15/15
 22688 | Lair:5   | Found a staircase to the Slime Pits.
 23273 | Lair:6   | Entered Level 6 of the Lair of Beasts
 23939 | Lair:6   | Received a gift from Okawaru
 24101 | Lair:6   | Reached skill level 15 in Armour
 24291 | Lair:6   | Received a gift from Okawaru
 24292 | Lair:6   | HP: 3/139 [black mamba (8)]
 24292 | Lair:6   | Slain by a redback

Levels and vault maps discovered:
D:1:      eino_arrival_cavern_e, layout_loops_corners
D:2:      layout_loops_cross, due_unseen_surprise
D:3:      layout_basic, first_ration
D:4:      layout_loops_ring, minmay_temple_entry_slanted, gammafunk_ghost_grave,
          serial_shops, nicolae_shop_crystal, chequers_jeans,
          minmay_misc_feat_chi
D:5:      layout_gridville, grunt_temple_overflow_open, grunt_decor_one_mirror,
          nicolae_elemental_shop, minmay_misc_feat_enclosed,
          corexii_checkpoint_b, minmay_misc_feat_nine_boxes,
          grunt_decor_resistance, xom_confusion_cloud, uniq_edmund,
          uniq_prince_ribbit1
D:6:      layout_basic, serial_shops, nicolae_shop_trees
D:7:      layout_rooms, gammafunk_temple_overflow_statue,
          serial_co_window_serial, co_window_paths_a,
          co_window_of_opportunity_a, co_window_of_opportunity_a,
          co_window_paths_b, co_window_paths_b, co_window_corner_a,
          co_window_paths_a, co_window_paths_a, co_window_paths_b,
          co_window_corner_ca, co_window_corner_cb, co_window_broadway_b,
          co_window_sun, co_window_paths_e
D:8:      layout_gridville, lemuel_doored_altar, mrwooster_statue_mirror
D:9:      layout_loops_ring, hangedman_ranch [blue_anna_fruit_fields],
          chequers_serial_rivers_large_a, uniq_psyche
D:10:     layout_basic, lair_entry_dummy, minmay_guarded_unrand_variability
D:11:     layout_loops_ring, orc_0_dummy, uniq_sonja
D:12:     layout_gridville, amethyst_killhole, minmay_misc_feat_plants
D:13:     layout_loops_cross, david_vaults_3, serial_shops,
          nicolae_shop_waterfront, portal_ice_cave_entry_animals_and_master,
          minmay_radiant
D:14:     layout_small_grid, onia_ninara_dug_in_and_dangerous, uniq_agnes
Temple:   chequers_temple_sunken
Lair:1:   layout_regular_city, beast_lair_carwin_8, serial_bayou_shore_b
Lair:2:   mu_elephants_graveyard, layout_gridlike, guppyfry_snake_entry_garden,
          beast_lair_carwin_9
Lair:3:   layout_misc_corridors, elwin_shoals_entry_rooms,
          gammafunk_ghost_split, grunt_megastairs_2
Lair:4:   layout_hall_layers
Lair:5:   layout_roguey, minmay_slime_entry_oklob_open,
          kennysheep_abandoned_house
Lair:6:   hangedman_lair_tendril_chambers, layout_big_grid,
          guppyfry_lair_end_dragon

Skill      XL: |  1  2  3  4  5  6  7  8  9 10 11 12 13 14 15 |
---------------+----------------------------------------------+-----
Armour         | 4 5 6 8 9 10 12 13 14 15 | 15.0
Fighting       | 4 5 6 7 8 9 11 12 13 14 | 14.3
Shields        | 4 5 6 7 9 10 12 13 15 16 17 | 17.4
Long Blades    | 3 4 5 7 8 10 12 13 14 15 16 17 | 17.0
Dodging        | 1 2 3 4 |  4.8
Stealth        | 1 |  1.8
Invocations    | 1 |  1.8

Action                   |  1- 3 |  4- 6 |  7- 9 | 10-12 | 13-15 || total
-------------------------+-------+-------+-------+-------+-------++-------
Melee: Long sword        |    69 |   226 |     8 |   475 |   413 ||  1191
       Headbutt          |    11 |    31 |   104 |   183 |   387 ||   716
       Falchion          |       |       |   448 |   289 |    10 ||   747
       Double sword      |       |       |       |       |   904 ||   904
Invok: Heroism           |       |       |     2 |     5 |    12 ||    19
  Use: Scroll            |       |       |    10 |     2 |    15 ||    27
       Potion            |       |       |       |     1 |     5 ||     6
  Eat: Chunk             |       |     7 |    11 |    17 |    30 ||    65
       Ration            |       |       |     2 |     1 |     1 ||     4
Armor: Scale mail        |    53 |   107 |     8 |       |       ||   168
       Skin              |       |       |    24 |       |       ||    24
       Plate armour      |       |       |   152 |   262 |   532 ||   946
       Chain mail        |       |       |    20 |       |       ||    20
       Gold dragon scale |       |       |       |       |   281 ||   281
Dodge: Dodged            |    28 |    59 |   123 |   168 |   425 ||   803
Block: Shield            |    48 |   109 |   230 |   406 |  1057 ||  1850
       Reflection        |       |       |       |       |     4 ||     4
       Rpst.: Long sword |     6 |    17 |     1 |    37 |    24 ||    85
       Falchion          |       |       |    31 |    16 |       ||    47
       Double sword      |       |       |       |       |    84 ||    84

Table legend:
 A = Non-vault XP
 B = Vault XP
 C = Vault XP percentage of total XP
 D = Non-vault monster count
 E = Vault monster count
 F = Vault count percentage of total count
                 A         B        C        D         E       F
            +---------+---------+-------+---------+---------+-------
      Total |   77060 |   50600 |  39.6 |     520 |     158 |  23.3
            +---------+---------+-------+---------+---------+-------
        D:1 |      42 |       0 |   0.0 |      21 |       0 |   0.0
        D:2 |      91 |       0 |   0.0 |      23 |       0 |   0.0
        D:3 |     146 |       0 |   0.0 |      27 |       0 |   0.0
        D:4 |     571 |     507 |  47.0 |      30 |       2 |   6.2
        D:5 |     410 |     525 |  56.1 |      18 |       8 |  30.8
        D:6 |     948 |       0 |   0.0 |      31 |       0 |   0.0
        D:7 |    1762 |       0 |   0.0 |      30 |       0 |   0.0
        D:8 |     552 |       0 |   0.0 |       9 |       0 |   0.0
        D:9 |    1698 |    2675 |  61.2 |      10 |       9 |  47.4
       D:10 |    4330 |     380 |   8.1 |      40 |       2 |   4.8
       D:11 |    3987 |     788 |  16.5 |      22 |       1 |   4.3
       D:12 |    4806 |       0 |   0.0 |      23 |       0 |   0.0
       D:13 |    7795 |   13350 |  63.1 |      35 |      26 |  42.6
       D:14 |   15788 |    5678 |  26.5 |      57 |       6 |   9.5
     Lair:1 |    6725 |    1136 |  14.5 |      35 |       8 |  18.6
     Lair:2 |    1281 |    8148 |  86.4 |       8 |      21 |  72.4
     Lair:3 |    6646 |    2895 |  30.3 |      20 |       7 |  25.9
     Lair:4 |    3111 |       0 |   0.0 |      18 |       0 |   0.0
     Lair:5 |    4468 |     574 |  11.4 |      19 |      16 |  45.7
     Lair:6 |   11903 |    8483 |  41.6 |      44 |      32 |  42.1
      IceCv |       0 |    5461 | 100.0 |       0 |      20 | 100.0
            +---------+---------+-------+---------+---------+-------
